 Dungeon Crawl Stone Soup version 0.28-a0-309-gf6d37e6e1d (webtiles) character file.

Game seed: 139889789450524777

46 Colgate the Ducker (level 3, -2/31 HPs)
             Began as a Gnoll Gladiator on Aug 30, 2021.
             Killed from afar by Terence (10 damage)
             ... with a puff of flame
             ... on level 2 of the Dungeon.
             The game lasted 00:18:18 (2995 turns).

Colgate the Ducker (Gnoll Gladiator)                Turns: 2995, Time: 00:18:19

Health: -2/31      AC:  4    Str: 13    XL:     3   Next: 68%
Magic:  4/4        EV: 14    Int:  8    God:
Gold:   79         SH:  0    Dex: 13    Spells: 3/3 levels left

rFire   . . .      SeeInvis .   a - +0 quarterstaff
rCold   . . .      Faith    .   (shield currently unavailable)
rNeg    . . .      Spirit   .   j - +0 leather armour
rPois   .          Reflect  .   c - +0 helmet
rElec   .          Harm     .   (no cloak)
rCorr   .          Rampage  .   (no gloves)
Will    .....                   (no boots)
Stlth   +.........              (no amulet)
HPRegen 0.10/turn               (no ring)
MPRegen 0.09/turn               (no ring)

@: no status effects
A: fangs 1, strong nose, distributed training
a: no special abilities


You were on level 2 of the Dungeon.
You visited 1 branch of the dungeon, and saw 2 of its levels.

You collected 79 gold pieces.

Inventory:

Hand Weapons
 a - a +0 quarterstaff (weapon)
 b - a +0 hunting sling
Missiles
 d - 3 throwing nets
 h - 41 stones (quivered)
Armour
 c - a +0 helmet (worn)
 f - a +0 ring mail
 j - a +0 leather armour (worn)
Scrolls
 g - 4 scrolls of identify {unknown}
 l - a scroll of amnesia {unknown}
Potions
 e - 2 potions of brilliance {unknown}
 i - a potion of cancellation {unknown}
 k - a potion of mutation {unknown}
 m - a potion of degeneration {unknown}


   Skills:
 + Level 4.5 Fighting
 + Level 0.9 Short Blades
 + Level 0.9 Long Blades
 + Level 0.9 Axes
 + Level 0.9 Maces & Flails
 + Level 0.9 Polearms
 + Level 6.5 Staves
 + Level 0.9 Slings
 + Level 0.9 Bows
 + Level 0.9 Crossbows
 + Level 4.5 Throwing
 + Level 0.9 Armour
 + Level 6.5 Dodging
 + Level 0.9 Stealth
 + Level 0.9 Shields
 + Level 0.9 Unarmed Combat
 + Level 0.9 Spellcasting
 + Level 0.6 Conjurations
 + Level 0.6 Hexes
 + Level 0.6 Summonings
 + Level 0.6 Necromancy
 + Level 0.6 Translocations
 + Level 0.6 Transmutations
 + Level 0.6 Fire Magic
 + Level 0.6 Ice Magic
 + Level 0.6 Air Magic
 + Level 0.6 Earth Magic
 + Level 0.6 Poison Magic
 + Level 1.0 Invocations
 + Level 0.9 Evocations


You had 3 spell levels left.
You didn't know any spells.
Your spell library was empty.

Dungeon Overview and Level Annotations

Branches:
Dungeon (2/15)

Altars:

Annotations:
D:2 Terence


Innate Abilities, Weirdness & Mutations

You have very sharp teeth.
Your uncanny sense of smell can sniff out nearby items.
Your experience applies equally to all skills.


Message History

You start waiting.
Done waiting.
There is an open door here.
Found an escape hatch in the ceiling.
You start waiting.
Done waiting.
There is an open door here.
A goblin comes into view. It is wielding a +0 dagger.
The goblin shouts!
An endoplasm comes into view.
There is an open door here.
The endoplasm quivers.
The goblin hits you with a +0 dagger.
There is an open door here.
You hit the endoplasm.
The endoplasm is heavily wounded.
The endoplasm freezes you.
You are frozen.
You hit the endoplasm.
The endoplasm is severely wounded.
The endoplasm freezes you.
You are frozen.
You thump the endoplasm!
You kill the endoplasm!
You thump the goblin!
You kill the goblin!
There is an open door, spattered with blood here.
You see here a +0 dagger.
HP restored.
Terence the Incautious comes into view.
He is wielding a +3 hand axe of freezing and carrying a wand of flame (12).
Okay, then.
Okay, then.
You hit Terence but do no damage. Your bite misses Terence.
Terence hits you with a +3 hand axe of freezing.
Terence freezes you.
Terence zaps a wand.
The puff of flame hits you!
Terence zaps a wand.
The puff of flame hits you.
* * * LOW HITPOINT WARNING * * *
Terence zaps a wand.
The puff of flame hits you!
You die...

#.# #.# .........#.........######
#.# #.#..........#.........# #.#
#.#..........#.........# #.#
#.#..........#.........# ## #.#
#.#.#######'######....## #. #.#
#.#.# #.# #....# ####. #.# #.#.#
#.######....###....
#.###.#'#######.............'....
...........@....@.###########....
#####.............# ########....
#.............# #...........
#.............# #........###
#.............# #........#
#.............# #........#
#.............## #........#
#..............# #........#
#.........####)####..)....#


You could see Terence.

Vanquished Creatures
  A dart slug (D:1)
  3 ball pythons
  5 endoplasms (D:2)
  2 giant cockroaches
  4 goblins
  8 hobgoblins
  2 jackals (D:1)
  5 kobolds
  A quokka (D:1)
  4 bats
  A frilled lizard (D:1)
  2 rats (D:2)
  A bush (D:1)
39 creatures vanquished.

Notes
Turn   | Place    | Note
-------+----------+-------------------------------------------
     0 | D:1      | Colgate the Gnoll Gladiator began the quest for the Orb.
     0 | D:1      | Reached XP level 1. HP: 20/20 MP: 1/1
   189 | D:1      | Reached XP level 2. HP: 19/26 MP: 2/2
  1014 | D:1      | Reached XP level 3. HP: 31/31 MP: 3/3
  1801 | D:2      | Reached skill level 1 in Invocations
  2967 | D:2      | Noticed Terence
  2995 | D:2      | Killed from afar by Terence

Illustrated notes

Levels and vault maps discovered:
D:1:      psy_arrival_conway, layout_basic
D:2:      layout_basic, st_stairs_12, kennysheep_generic_room_11, uniq_terence

Skill      XL: |  1  2  3 |
---------------+----------+-----
Invocations    | 1 |  1.0
Fighting       | |  4.5
Short Blades   | |  0.9
Long Blades    | |  0.9
Axes           | |  0.9
Maces & Flails | |  0.9
Polearms       | |  0.9
Staves         | |  6.5
Slings         | |  0.9
Bows           | |  0.9
Crossbows      | |  0.9
Throwing       | |  4.5
Armour         | |  0.9
Dodging        | |  6.5
Stealth        | |  0.9
Shields        | |  0.9
Unarmed Combat | |  0.9
Spellcasting   | |  0.9
Conjurations   | |  0.6
Hexes          | |  0.6
Summonings     | |  0.6
Necromancy     | |  0.6
Translocations | |  0.6
Transmutations | |  0.6
Fire Magic     | |  0.6
Ice Magic      | |  0.6
Air Magic      | |  0.6
Earth Magic    | |  0.6
Poison Magic   | |  0.6
Evocations     | |  0.9

Action                   || total
-------------------------++-------
Melee: Quarterstaff      ||   210
       Bite              ||    37
 Stab: Sleeping          ||     1
Armor: Leather armour    ||    12
Dodge: Dodged            ||    47

Table legend: (Time is in decaauts)
 A = Elapsed time spent in this place.
 B = Non-inter-level travel time spent in this place.
 C = Inter-level travel time spent in this place.
 D = Time resting spent in this place.
 E = Time spent auto-exploring this place.
 F = Levels seen in this place.
 G = Mean time per level.
                   A        B        C        D        E       F      G
               +--------+--------+--------+--------+--------+-----+--------+
         Total |   3007 |   2984 |     23 |   1304 |    984 |   2 | 1503.5 |
       Dungeon |   3007 |   2984 |     23 |   1304 |    984 |   2 | 1503.5 |
               +--------+--------+--------+--------+--------+-----+--------+

Top non-repeatable levels by time:
     D:2: 1918 daAuts
     D:1: 1089 daAuts
